AoeStats
← waLLefps.

African Clearing

506708270Analyzed
4v4 RM · 18d ago on Sep 14, 2026· 55m 36s· 8 players
Game mode
Random Map
Map size
Large (8 player)
Population
200
Speed
Normal
Resources
Standard
Victory
Conquest
Starting age
Dark Age
Ending age
Imperial Age
RankedLock teamsTeams togetherTeam positionsShared explorationLock speedFull tech treeHidden civsTurbo modeCheats
Victory
Defeat
🇫🇷 Huns · France
1514
+11
🇭🇰 Georgians · Hong Kong SAR China
1512
+11
🇮🇳 Bengalis · India
1382
+17
🇦🇷 Hindustanis · Argentina
1357
+17
🇹🇷 Huns · Türkiye
1442
-16
🇹🇷 Turks · Türkiye
1409
-14
🇹🇷 Burmese · Türkiye
1379
-13
🇹🇷 Mongols · Türkiye
1377
-13
Mezsar
3:49 Loom
13:52 Feudal Age
18:03 Castle Age
16:30 Double-Bit Axe
20:05 Bow Saw
20:10 Horse Collar
21:47 Wheelbarrow
24:49 Husbandry
25:14 Fletching
27:29 Padded Archer Armor
28:44 Gold Mining
31:31 Paiks
31:41 Forging
33:05 Hand Cart
34:14 Town Watch
37:38 Imperial Age
35:43 Scale Barding Armor
36:59 Bloodlines
37:12 Chain Barding Armor
37:49 Iron Casting
38:35 Heavy Plow
38:18 Elite Battle Elephant
39:59 Plate Barding Armor
40:51 Blast Furnace
40:25 Treadmill Crane
41:29 Conscription
42:26 Chemistry
43:08 Two-Man Saw
42:54 Bodkin Arrow
43:23 Ballistics
43:22 Siege Engineers
42:51 Light Cavalry
43:59 Siege Engineers
47:38 Elite Elephant Archer
49:08 Leather Archer Armor
49:24 Bracer
51:53 Gold Shaft Mining
52:12 Ring Archer Armor
B.
13:21 Feudal Age
17:25 Castle Age
16:26 Double-Bit Axe
16:22 Horse Collar
16:47 Gold Mining
18:22 Bow Saw
18:32 Loom
19:25 Heavy Plow
23:48 Wheelbarrow
25:25 Hand Cart
29:45 Imperial Age
27:46 Scale Barding Armor
28:18 Forging
28:32 Bloodlines
28:38 Husbandry
29:54 Chain Barding Armor
30:09 Iron Casting
30:21 Gold Shaft Mining
29:48 Cavalier
31:20 Plate Barding Armor
31:14 Town Watch
30:55 Capped Ram
31:47 Siege Ram
33:02 Paladin
35:46 Blast Furnace
40:46 Fletching
40:57 Padded Archer Armor
40:57 Scale Mail Armor
41:21 Ballistics
42:02 Chemistry
41:13 Masonry
43:29 Town Patrol
43:44 Bodkin Arrow
45:29 Two-Man Saw
44:55 Stone Mining
48:03 Bracer
50:28 Conscription
52:41 Light Cavalry
53:34 Hussar
LiBi
11:50 Loom
13:36 Feudal Age
18:00 Castle Age
16:55 Double-Bit Axe
18:08 Fishing Lines
24:04 Bow Saw
26:06 Scale Barding Armor
27:24 Wheelbarrow
28:11 Bloodlines
28:02 Husbandry
28:49 Fletching
28:59 Padded Archer Armor
30:08 Gold Mining
30:29 Horse Collar
30:46 Bodkin Arrow
30:55 Husbandry
31:25 Gillnets
32:27 Hand Cart
33:16 Stone Mining
34:00 Padded Archer Armor
34:21 Chain Barding Armor
34:45 Ballistics
38:06 Imperial Age
36:39 Leather Archer Armor
35:47 Light Cavalry
39:18 Stone Shaft Mining
38:10 Heavy Cavalry Archer
39:15 Parthian Tactics
38:53 Bracer
40:03 Chemistry
40:03 Conscription
40:45 Forging
41:11 Plate Barding Armor
40:48 Forging
40:50 Heavy Plow
42:44 Aznauri Cavalry
43:16 Crop Rotation
44:07 Iron Casting
44:43 Hoardings
44:31 Guilds
44:22 Caravan
44:52 Coinage
44:06 Hussar
44:31 Elite Monaspa
47:02 Blast Furnace
48:51 Banking
50:02 Svan Towers
49:28 Sappers
49:40 Treadmill Crane
50:10 Masonry
50:06 Siege Engineers
49:56 Murder Holes
50:12 Clinker Construction
50:12 Careening
50:13 Fortified Wall
49:53 Guard Tower
49:49 Arrowslits
50:05 Town Watch
50:03 Capped Ram
50:03 Onager
51:32 Sanctity
51:33 Heresy
51:49 Theocracy
51:14 Devotion
51:25 Redemption
51:11 Herbal Medicine
51:31 Block Printing
51:27 Fervor
51:24 Town Patrol
52:09 Scale Mail Armor
51:46 Hussar
51:46 Cavalier
51:58 Siege Ram
51:58 Heavy Scorpion
53:12 Architecture
52:35 Elite Skirmisher
52:36 Crossbowman
53:43 Fortified Wall
53:24 Guard Tower
53:20 Arrowslits
52:59 Siege Onager
53:22 Man-at-Arms
53:48 Gambesons
55:06 Keep
54:27 Long Swordsman
54:33 Pikeman
55:14 Squires
55:00 Arson
55:01 Two-Handed Swordsman
55:01 Halberdier
56:29 Faith
JUNCAL
3:25 Loom
12:09 Feudal Age
12:50 Double-Bit Axe
14:26 Horse Collar
18:08 Wheelbarrow
22:43 Castle Age
21:20 Stone Mining
23:45 Bow Saw
23:50 Scale Mail Armor
25:01 Forging
25:51 Squires
33:33 Town Watch
35:23 Fletching
36:09 Iron Casting
37:35 Hand Cart
37:46 Gold Mining
42:08 Imperial Age
40:29 Chain Mail Armor
40:48 Heavy Plow
41:26 Gold Shaft Mining
41:28 Stone Shaft Mining
42:55 Ballistics
43:21 Conscription
42:43 Siege Elephant
44:33 Blast Furnace
42:57 Elite Ghulam
45:11 Two-Man Saw
45:37 Blast Furnace
45:55 Bodkin Arrow
47:03 Chemistry
53:05 Town Patrol
53:21 Masonry
53:16 Siege Engineers
56:34 Hoardings
55:59 Grand Trunk Road
56:00 Shatagni
waLLefps.
4:27 Loom
15:01 Feudal Age
15:51 Feudal Age
20:01 Castle Age
18:09 Double-Bit Axe
19:16 Horse Collar
20:58 Bow Saw
23:13 Stone Mining
23:50 Heavy Plow
24:30 Gold Mining
25:47 Padded Archer Armor
26:54 Fletching
28:58 Wheelbarrow
33:24 Town Watch
35:42 Gold Shaft Mining
37:40 Hand Cart
37:32 Bodkin Arrow
37:38 Padded Archer Armor
42:25 Imperial Age
40:29 Scale Barding Armor
41:11 Leather Archer Armor
47:24 Chain Barding Armor
47:35 Ring Archer Armor
47:15 Forging
48:27 Bloodlines
48:17 Husbandry
İhtiyar
3:58 Loom
14:21 Feudal Age
22:31 Castle Age
20:27 Gold Mining
20:29 Stone Mining
20:30 Double-Bit Axe
24:06 Fletching
31:19 Bodkin Arrow
41:57 Wheelbarrow
47:28 Bow Saw
48:20 Horse Collar
Tameryig1t
7:41 Loom
14:14 Feudal Age
20:31 Castle Age
18:13 Horse Collar
18:10 Man-at-Arms
18:35 Arson
19:03 Forging
18:53 Scale Mail Armor
20:56 Wheelbarrow
21:14 Gambesons
21:29 Squires
22:39 Long Swordsman
25:53 Pikeman
33:18 Ballistics
36:31 Imperial Age
34:17 Hand Cart
34:00 Fletching
35:23 Bodkin Arrow
37:06 Hand Cart
38:19 Chemistry
37:36 Chain Mail Armor
37:49 Crossbowman
38:55 Parthian Tactics
39:01 Parthian Tactics
38:58 Fortified Wall
38:43 Murder Holes
39:33 Bracer
39:35 Padded Archer Armor
40:35 Iron Casting
39:29 Two-Handed Swordsman
40:09 Elite Skirmisher
40:40 Champion
42:20 Plate Mail Armor
klostrofobikköstebek
11:10 Loom
13:31 Feudal Age
17:39 Castle Age
17:31 Horse Collar
17:36 Double-Bit Axe
20:03 Wheelbarrow
20:39 Bow Saw
20:32 Heavy Plow
21:39 Hand Cart
25:23 Husbandry
25:34 Bloodlines
26:57 Scale Barding Armor
27:33 Forging
32:05 Imperial Age
31:05 Chain Barding Armor
31:04 Gold Mining
31:04 Stone Mining
31:52 Iron Casting
32:33 Gold Shaft Mining
32:17 Cavalier
33:34 Plate Barding Armor
34:23 Blast Furnace
35:55 Two-Man Saw
34:49 Pikeman
35:29 Squires
35:29 Halberdier
35:55 Arson
36:12 Scale Mail Armor
37:09 Chain Mail Armor
39:33 Fletching
39:45 Padded Archer Armor
39:37 Paladin
48:21 Bodkin Arrow
48:42 Leather Archer Armor
Connection lost

Rejoining the realm…

Still unreachable

The connection could not be restored.

Session expired

The server has moved on; the page needs a fresh start.